 Dungeon Crawl Stone Soup version 0.26.1-2-gb8aa6d0cf2 (webtiles) character file.

Game seed: 12511669532967733126

160 Ladykiller69 the Chopper (level 5, -8/46 HPs)
             Began as a Minotaur Gladiator on Mar 18, 2021.
             Killed by divine providence
             ... invoked by an orc priest
              (10 damage)
             ... on level 3 of the Dungeon.
             The game lasted 00:03:01 (2162 turns).

Ladykiller69 the Chopper (Minotaur Gladiator)       Turns: 2162, Time: 00:03:01

Health: -8/46      AC: 12    Str: 20    XL:     5   Next: 17%
Magic:  4/4        EV:  7    Int:  5    God:
Gold:   130        SH:  0    Dex: 11    Spells: 4/4 levels left

rFire    . . .     SeeInvis .   a - +0 war axe
rCold    . . .     Faith    .   (no shield)
rNeg     . . .     Spirit   .   f - +0 plate armour
rPois    .         Reflect  .   c - +0 hat
rElec    .         Harm     .   (no cloak)
rCorr    .         Rampage  .   o - +0 pair of gloves
Will     .....                  (no boots)
Stlth    ..........             (no amulet)
HPRegen  0.15/turn              (no ring)
MPRegen  0.09/turn              (no ring)

@: flying, hasted, very quick
A: retaliatory headbutt, horns 2
a: no special abilities


You were on level 3 of the Dungeon.
You visited 1 branch of the dungeon, and saw 3 of its levels.

You collected 130 gold pieces.

Inventory:

Hand Weapons
 a - a +0 war axe (weapon)
Missiles
 d - 3 throwing nets (quivered)
Armour
 b - a +0 leather armour
 c - a +0 hat (worn)
 f - a +0 plate armour (worn)
 o - a +0 pair of gloves (worn)
Jewellery
 l - an uncursed ring of flight {unknown}
Wands
 v - a wand of flame (5)
Scrolls
 e - a scroll of remove curse {unknown}
 j - a scroll of fear {unknown}
 n - 2 scrolls of identify {unknown}
 p - a scroll of immolation {unknown}
 r - a scroll of magic mapping {unknown}
 t - a scroll of random uselessness {unknown}
 u - a scroll of teleportation {unknown}
Potions
 g - a potion of heal wounds {unknown}
 h - a potion of flight
 i - a potion of berserk rage {unknown}
 k - a potion of haste
 m - a potion of brilliance {unknown}
 q - a potion of attraction {unknown}
 s - a potion of degeneration {unknown}


   Skills:
 + Level 3.6 Fighting
 * Level 5.4 Axes
 - Level 2.0 Throwing
 + Level 2.0 Armour
 + Level 4.1 Dodging


You had 4 spell levels left.
You didn't know any spells.
Your spell library was empty.

Dungeon Overview and Level Annotations

Branches:
Dungeon (3/15)

Altars:


Innate Abilities, Weirdness & Mutations

You reflexively headbutt those who attack you in melee.
You have a pair of horns on your head.


Message History

The orc priest calls down the wrath of Beogh upon you.
Pain shoots through your body!
* * * LOW HITPOINT WARNING * * *
Your plate armour prevents you from hitting the orc priest.
The orc priest hits you but does no damage. x2
It was a potion of flight.
You feel very buoyant.
You fly up into the air.
A bat comes into view.
The orc priest hits you but does no damage.
It was a potion of haste.
You feel yourself speed up.
You slash the orc priest!
The orc priest is heavily wounded.
The bat hits you but does no damage.
The orc priest hits you but does no damage.
You hit the orc priest.
The orc priest is heavily wounded.
The orc priest mumbles some strange prayers to Beogh against you.
Beogh smites you!
You die...

.#######..........
..........####.###
.########.# .# #.# .#
#.########)####.#
.......)....>...#
.......###)###.†####.#
...###. #.# #........
# #. #.# #@o###..# #.
#.# #b)# # .. #..
..... ## ####...###
..... ....... .......
.##....##


You could see an orc priest and a bat.

Vanquished Creatures
  2 orc priests (D:3)
  2 adders
  An ooze (D:3)
  2 worms (D:2)
  A dart slug (D:2)
  A leopard gecko (D:2)
  11 orcs (D:3)
  2 ball pythons
  3 bats
  4 giant cockroaches
  6 goblins
  4 hobgoblins
  3 jackals (D:1)
  6 frilled lizards
  4 kobolds
  5 rats
57 creatures vanquished.

Notes
Turn   | Place    | Note
-------+----------+-------------------------------------------
     0 | D:1      | Ladykiller69 the Minotaur Gladiator began the quest for the
                  | Orb.
     0 | D:1      | Reached XP level 1. HP: 18/18 MP: 0/0
   221 | D:1      | Reached skill level 4 in Axes
   278 | D:1      | Reached XP level 2. HP: 25/25 MP: 1/1
  1058 | D:2      | Reached XP level 3. HP: 28/30 MP: 2/2
  1217 | D:2      | Reached skill level 1 in Armour
  1739 | D:3      | Reached XP level 4. HP: 31/38 MP: 3/3
  1837 | D:3      | Reached skill level 5 in Axes
  2156 | D:3      | Reached XP level 5. HP: 11/46 MP: 4/4
  2157 | D:3      | HP: 2/46 [orc priest/nerve-wracking pain (10)]
  2162 | D:3      | Killed from afar by an orc priest

Illustrated notes

Levels and vault maps discovered:
D:1:      dpeg_arrival_tiny_j, layout_basic
D:2:      layout_loops_ring
D:3:      layout_loops_ring

Skill      XL: |  1  2  3  4 |
---------------+-------------+-----
Axes           | 4 5 |  5.4
Fighting       | 3 |  3.6
Armour         | 1 2 |  2.0
Dodging        | 4 |  4.1
Throwing       | |  2.0

Action                   |  1- 3 |  4- 6 || total
-------------------------+-------+-------++-------
Melee: War axe           |   102 |    42 ||   144
       Headbutt          |    20 |     6 ||    26
  Use: Potion            |       |     2 ||     2
Armor: Leather armour    |     4 |       ||     4
       Plate armour      |    70 |    23 ||    93
Dodge: Dodged            |    45 |     6 ||    51
